 Dungeon Crawl Stone Soup version 0.24.0-123-gd5b16e6ec5 (webtiles) character file.

Game seed: 11487191977644991248, levelgen mode: deterministic

11 Kohma the Insei (level 2, 0/16 HPs)
             Began as a Tengu Transmuter on Feb 8, 2020.
             Slain by a goblin
             ... wielding a +2 antimagic dagger
              (3 damage)
             ... on level 1 of the Dungeon.
             The game lasted 00:01:55 (137 turns).

Kohma the Insei (Tengu Transmuter)                   Turns: 137, Time: 00:01:56

Health: 0/16       AC:  2    Str: 10    XL:     2   Next: 25%
Magic:  0/6        EV: 12    Int: 13    God:
Gold:   10         SH:  0    Dex: 14    Spells: 2/5 levels left

rFire    . . .     SeeInvis .   e - +0 whip
rCold    . . .     Gourm    .   (no shield)
rNeg     . . .     Faith    .   b - +0 robe
rPois    .         Spirit   .   (helmet restricted)
rElec    .         Reflect  .   (no cloak)
rCorr    .         Harm     .   (no gloves)
MR       .....                  (boots unavailable)
Stlth    +.........             (no amulet)
HPRegen  0.05/turn              (no ring)
MPRegen  0.10/turn              (no ring)

@: very slightly contaminated
A: beak, talons 3
a: no special abilities


You were on level 1 of the Dungeon.
You were not hungry.

You visited 1 branch of the dungeon, and saw 1 of its levels.

You collected 10 gold pieces.

Inventory:

Hand Weapons
 e - a +0 whip (weapon)
Missiles
 a - 11 arrows
 i - 14 stones (quivered)
Armour
 b - a +0 robe (worn)
Jewellery
 h - a +3 ring of protection {unknown}
Scrolls
 c - a scroll of teleportation {unknown}
Potions
 f - a potion of heal wounds {unknown}
Comestibles
 d - a ration
 g - 2 chunks of flesh


   Skills:
 - Level 1.0 Fighting
 + Level 0.7 Maces & Flails
 - Level 2.1 Dodging
 - Level 3.2 Unarmed Combat
 + Level 2.1 Spellcasting
 * Level 2.0 Transmutations


You had 2 spell levels left.
You knew the following spells:

 Your Spells              Type           Power        Failure   Level  Hunger
a - Beastly Appendage     Tmut           #.....       11%         1    ##.....
b - Sticks to Snakes      Tmut           #.......     16%         2    ###....

Your spell library contained the following spells:

 Spells                   Type           Power        Failure   Level  Hunger
 Spider Form              Tmut/Pois      #.........   45%         3    ####...
 Ice Form                 Ice/Tmut       #.......     86%         4    #####..
 Blade Hands              Tmut           #.........   96%         5    ######.


Dungeon Overview and Level Annotations

Branches:
Dungeon (1/15)

Altars:


Innate Abilities, Weirdness & Mutations

You have a beak for a mouth.
You have claws for feet.


Message History

* * * LOW HITPOINT WARNING * * *
You swap places.
The goblin hits your ball python but does no damage.
Your ball python bites the goblin.
Your ball python misses the goblin.
What are your orders? t - Shout!
Orders for allies: a - Attack new target. p - Attack previous target. r - Retreat! s - Stop attacking. g - Guard the area. f - Follow me.
Anything else - Cancel.
Gang up on whom?
Press: ? - help, Dir - move target cursor, f/p - goblin
Aim: a goblin, wielding a +2 antimagic dagger and wearing a +0 chain mail (heavily wounded) Attack!
The goblin hits your ball python with a +2 antimagic dagger.
Your ball python dies!
You closely miss the goblin.
The goblin is heavily wounded.
The goblin hits you with a +2 antimagic dagger.
You die...

## #≈≈≈≈≈≈≈≈ (. ##.≈≈≈≈≈≈≈
#. #..≈≈≈≈≈≈≈ #(
#..≈≈≈≈≈≈≈≈≈≈ ### #(##
#..≈≈≈≈≈≈≈≈≈≈≈#
.....#..######..≈≈≈≈≈≈≈≈≈≈≈#
.......(.........≈≈≈≈≈≈≈≈≈≈#
#######.#.#####..≈≈≈≈≈≈≈≈≈≈#
#.#..g@.....≈≈≈≈≈≈≈≈≈#
#.#######....≈≈≈≈≈≈≈≈# #.#
####......≈≈≈≈≈≈# #.#
##.#..#......≈≈≈≈#
####.###..[.##........≈≈#
............##<........≈#
#.........######....≈#
###...÷..## .#...# #.#...##
.#####


You could see a goblin.

Vanquished Creatures
  A leopard gecko (D:1)
  2 bats (D:1)
  A goblin (D:1)
  2 hobgoblins (D:1)
  A frilled lizard (D:1)
  A kobold (D:1)
  A rat (D:1)
9 creatures vanquished.

Notes
Turn   | Place    | Note
-------+----------+-------------------------------------------
     0 | D:1      | Kohma the Tengu Transmuter began the quest for the Orb.
     0 | D:1      | Reached XP level 1. HP: 12/12 MP: 4/4
    87 | D:1      | Reached XP level 2. HP: 14/16 MP: 6/6
   116 | D:1      | Learned a level 2 spell: Sticks to Snakes
   137 | D:1      | Slain by a goblin

Levels and vault maps discovered:
D:1:      dpeg_arrival_water_altar, layout_loops_ring, minmay_tetromino_i4

Skill      XL: |  1 |
---------------+----+-----
Transmutations | 2 |  2.0
Fighting       | |  1.0
Maces & Flails | |  0.7
Dodging        | |  2.1
Unarmed Combat | |  3.2
Spellcasting   | |  2.1

Action                   || total
-------------------------++-------
Melee: Whip              ||    26
       Kick              ||     6
       Peck              ||     1
Throw: Stone             ||     6
 Cast: Sticks to Snakes  ||     1
Armor: Robe              ||    13
Dodge: Dodged            ||    21
